[Event "fics rated crazyhouse match"]
[Site "fics, Oklahoma City, OK USA"]
[Date "2000.01.30"]
[White "Thufir"]
[WhiteElo "2298"]
[Black "Tecumseh"]
[BlackElo "2247"]
[TimeControl "180+0"]
[Result "1-0"]

1. e4 Nc6 2. d4 d5 3. e5 Bf5 4. Nc3 h6 5. Nf3 e6 6. Be2 
Bh7 7. Be3 Nge7 8. O-O Nf5 9. a3 Be7 10. Bd3 Bg5 11. Bxf5 Bxf5 
12. N@h5 Rh7 13. Bxg5 hxg5 14. B@f6 gxf6 15. Nxf6+ Qxf6 16. exf6 B@f4 17. Q@g8+ 
N@f8 18. P@g7 B@d6 19. gxf8=Q+ Bxf8 20. N@g7+ Kd7 21. Qxf7+ P@e7 22. Nxf5 Rxf7 
23. fxe7 Bxe7 24. Nxe7 P@e4 25. Nxc6 exf3 26. N@e5+ Bxe5 27. Nxe5+ Ke7 28. Nxf3 
B@g4 29. B@e2 N@h3+ 30. gxh3 Bxh3 31. N@g6+ Kd7 32. Nfe5+ Ke8 33. B@f3 P@e4 
34. Nxf7 exf3 35. R@e7# 
{Tecumseh checkmated} 1-0

[Event "fics rated crazyhouse match"]
[Site "fics, Oklahoma City, OK USA"]
[Date "2000.01.30"]
[White "Thufir"]
[WhiteElo "2296"]
[Black "venomous"]
[BlackElo "2474"]
[TimeControl "60+0"]
[Result "0-1"]

1. e4 e6 2. Nc3 Nc6 3. d4 Nf6 4. e5 Nd5 5. Nf3 d6 6. exd6 
cxd6 7. Bd3 Nxc3 8. bxc3 P@f5 9. P@e4 fxe4 10. Bxe4 P@f5 11. Bxc6+ bxc6 
12. P@e5 Ba6 13. exd6 Bxd6 14. N@d3 P@e4 15. P@e5 exf3 16. exd6 fxg2 17. Rg1 
Qxd6 18. B@e5 Qxe5+ 19. dxe5 N@h4 20. N@d6+ Kf8 21. Bg5 N@f3+ 22. Qxf3 Nxf3+ 
23. Kd1 P@e2+ 24. Kxe2 Nxg1+ 25. Rxg1 Bxd3+ 26. cxd3 B@f1+ 27. Kf3 B@e2+ 28. Ke3 
Q@f3+ 29. Kd2 N@b1+ 30. Kc2 R@d2+ 31. Bxd2 Qxd3+ 32. Kb2 Qxd2+ 33. Kb3 Qxc3+ 
34. Ka4 Qa3# 
{Thufir checkmated} 0-1

[Event "fics rated crazyhouse match"]
[Site "fics, Oklahoma City, OK USA"]
[Date "2000.01.30"]
[White "venomous"]
[WhiteElo "2478"]
[Black "Thufir"]
[BlackElo "2292"]
[TimeControl "60+0"]
[Result "1-0"]

1. e4 e6 2. d4 Nc6 3. Be3 Nf6 4. Bd3 d6 5. e5 Nd5 6. Nf3 
Be7 7. O-O O-O 8. Nc3 dxe5 9. dxe5 P@g4 10. Nd4 Nxe5 11. P@f4 Nxd3 
12. cxd3 P@f5 13. N@h5 Nxe3 14. fxe3 B@g6 15. Nxg7 B@f6 16. P@h6 Bc5 17. Nce2 
Bcxd4 18. exd4 N@e3 19. Qd2 Nxf1 20. Rxf1 Qe7 21. B@e5 Bxe5 22. dxe5 B@b6+ 
23. d4 c5 24. B@f6 Qd7 25. Nh5 R@e8 26. N@g3 cxd4 27. Bg7 P@e7 28. N@f6# 
{Thufir resigns} 1-0

[Event "fics rated crazyhouse match"]
[Site "fics, Oklahoma City, OK USA"]
[Date "2000.01.30"]
[White "Thufir"]
[WhiteElo "2288"]
[Black "venomous"]
[BlackElo "2482"]
[TimeControl "60+0"]
[Result "1-0"]

1. e4 e6 2. d4 Nc6 3. Nc3 Nf6 4. Nf3 Bb4 5. e5 Ne4 6. Bd3 
Nxc3 7. bxc3 Bxc3+ 8. Bd2 Bxd4 9. Nxd4 Nxd4 10. Qg4 N@f5 11. N@h5 P@g6 
12. Nxg7+ Nxg7 13. Qxd4 N@f5 14. Bxf5 Nxf5 15. N@f6+ Kf8 16. P@g7+ Kxg7 17. B@h6+ 
Nxh6 18. Bxh6+ Kxh6 19. Qh4+ Kg7 20. Nh5+ gxh5 21. Qxd8 Rxd8 22. Q@f6+ Kg8 
23. N@h6+ Kf8 24. Qxd8+ Kg7 25. Qf6+ Kf8 26. R@g8# 
{venomous checkmated} 1-0

[Event "fics rated crazyhouse match"]
[Site "fics, Oklahoma City, OK USA"]
[Date "2000.01.30"]
[White "venomous"]
[WhiteElo "2470"]
[Black "Thufir"]
[BlackElo "2300"]
[TimeControl "60+0"]
[Result "1-0"]

1. e4 e6 2. d4 Nc6 3. Be3 Nf6 4. Bd3 d6 5. Nc3 Be7 6. Nf3 
e5 7. d5 Nb4 8. O-O Nxd3 9. cxd3 B@f4 10. Bxf4 exf4 11. B@g5 B@e5 
12. Nxe5 dxe5 13. N@f3 N@g6 14. Bxf6 Bxf6 15. N@f5 Bxf5 16. exf5 Nh4 17. Nxh4 
Bxh4 18. N@h5 B@f6 19. B@a4+ N@d7 20. B@e6 fxe6 21. dxe6 O-O 22. Bxd7 N@d4 
23. P@f7+ Kh8 24. Nxf6 Qxf6 25. N@h5 Qxf5 26. B@g4 Qg6 27. e7 P@f3 28. exf8=Q+ 
Rxf8 29. R@g8+ Rxg8 30. fxg8=Q+ Kxg8 31. Bde6+ P@f7 32. R@e8+ B@f8 33. Nd5 Nxe6 
34. Bxe6 fxe6 35. N@e7+ Bxe7 36. Nxe7+ Kf7 37. Qxf3 Bxe7 38. Rxe7+ Kxe7 39. B@h4+ 
P@f6 40. B@e4 B@f5 41. Bxf5 exf5 42. B@a3+ B@d6 43. Bxd6+ cxd6 44. Qxb7+ B@d7 
45. P@e6 N@h3+ 46. Kh1 Qxg2+ 47. Qxg2 P@f3 48. Q@f7+ Kd8 49. Qxd7# 
{Thufir checkmated} 1-0

[Event "fics rated crazyhouse match"]
[Site "fics, Oklahoma City, OK USA"]
[Date "2000.01.30"]
[White "Thufir"]
[WhiteElo "2296"]
[Black "venomous"]
[BlackElo "2474"]
[TimeControl "60+0"]
[Result "0-1"]

1. e4 e6 2. d4 Nc6 3. Nc3 Nf6 4. Nf3 Bb4 5. e5 Ne4 6. Bd3 
Bxc3+ 7. bxc3 Nxc3 8. Qd2 P@e4 9. Qxc3 exf3 10. gxf3 N@h4 11. P@e2 N@d5 
12. Qd2 Nxd4 13. N@h5 Ndxf3+ 14. exf3 Nxf3+ 15. Kd1 Nxd2 16. Nxg7+ Kf8 17. Bxd2 
Q@g4+ 18. P@e2 P@b2 19. Rb1 P@g2 20. Rg1 Qxg7 21. B@h6 N@c3+ 22. Ke1 Rg8 
23. Bxg7+ Rxg7 24. Bh6 B@h8 25. Rxg2 Nxb1 26. Rxg7 R@c1+ 27. R@d1 Rxd1+ 28. Kxd1 
R@c1+ 29. Bxc1 bxc1=Q+ 30. Kxc1 Bxg7 31. R@d1 Nbc3 32. Q@b2 R@b1+ 33. Qxb1 Nxb1 
34. P@f6 B@a3+ 35. P@b2 Bxb2+ 36. Kxb2 Q@c3+ 37. Kxb1 Qxe5 38. fxg7+ Qxg7 39. R@b2 
Nc3+ 40. Kc1 Nxd1 41. Kxd1 R@g1+ 42. B@e1 Qxb2 43. B@h6+ P@g7 44. R@h8+ R@g8 
45. N@c1 Rxe1+ 46. Kxe1 Rxh8 47. R@g8+ Rxg8 48. N@d1 R@g1+ 49. N@f1 Qxc1 50. Bxc1 
B@a5# 
{Thufir forfeits on time} 0-1

[Event "fics rated crazyhouse match"]
[Site "fics, Oklahoma City, OK USA"]
[Date "2000.01.30"]
[White "venomous"]
[WhiteElo "2478"]
[Black "Thufir"]
[BlackElo "2292"]
[TimeControl "60+0"]
[Result "1-0"]

1. e4 e6 2. d4 Nc6 3. Be3 Nf6 4. Bd3 Be7 5. Nc3 O-O 6. Nf3 
d6 7. O-O Ng4 8. Qe2 e5 9. d5 Nb4 10. Rae1 Nxd3 11. cxd3 B@h5 
12. N@g3 Nxe3 13. fxe3 Bxf3 14. Qxf3 B@g4 15. Qf2 Bh4 16. N@f5 Bcxf5 17. exf5 
Bxg3 18. Qxg3 N@f6 19. B@g5 N@h5 20. Qh4 h6 21. Bxf6 Nxf6 22. N@e4 B@g5 
23. Nxg5 hxg5 24. Qxg5 N@h7 25. Qh4 N@h6 26. P@g6 fxg6 27. fxg6 P@g5 28. gxh7+ 
Nxh7 29. Qg3 P@f4 30. Qf2 fxe3 31. Qxe3 P@f4 32. Qf2 Nf5 33. P@g6 Nf6 
34. B@e6+ Kh8 35. N@f7+ Rxf7 36. gxf7 N@h6 37. B@g6 Qe7 38. Bgxf5 Bxf5 39. Bxf5 
Nxf5 40. N@g6+ Kh7 41. Nxe7 Nxe7 42. B@g8+ Nexg8 43. fxg8=Q+ Rxg8 44. P@f7 Rh8 
45. B@g8+ Nxg8 46. fxg8=Q+ Rxg8 47. R@h3+ P@h6 48. N@e7 B@f7 49. N@f5 B@g6 50. Nxh6 
gxh6 51. Nxg6 Bxg6 52. P@h5 Bf5 53. B@g6+ Bxg6 54. hxg6+ Rxg6 55. Q@e7+ B@g7 
56. B@g8+ Kh8 57. Qxg7# 
{Thufir forfeits on time} 1-0

[Event "fics rated crazyhouse match"]
[Site "fics, Oklahoma City, OK USA"]
[Date "2000.01.30"]
[White "Thufir"]
[WhiteElo "2288"]
[Black "venomous"]
[BlackElo "2482"]
[TimeControl "60+0"]
[Result "0-1"]

1. e4 e6 2. d4 Nc6 3. Nc3 Nf6 4. e5 Nd5 5. Nxd5 exd5 6. Nf3 
d6 7. Bb5 Bg4 8. Qe2 Qe7 9. Bg5 f6 10. exf6 gxf6 11. P@f7+ Kxf7 
12. N@e5+ dxe5 13. Nxe5+ Nxe5 14. f3 Nxf3+ 15. gxf3 Qxe2+ 16. Bxe2 P@f2+ 17. Kxf2 
N@h3+ 18. Ke1 P@f2+ 19. Kd1 Q@e1+ 20. Rxe1 fxe1=Q+ 21. Kxe1 P@f2+ 22. Kd2 Bb4+ 
23. c3 Rae8 24. N@h6+ Ke7 25. Q@f7+ Kd8 26. Q@b8+ R@c8 27. Bxf6+ N@e7 28. Bxe7+ 
Rxe7 29. Qxe7+ Bxe7 30. N@f7+ Ke8 31. P@d7+ Bxd7 32. Qxc8+ Bxc8 33. P@d7+ Bxd7 
34. R@a8+ B@c8 35. P@g7 N@e4+ 36. fxe4 Q@e1+ 37. Rxe1 fxe1=Q+ 38. Kxe1 P@f2+ 39. Kd2 
Q@e1+ 40. Kc2 Qxe2+ 41. P@d2 B@d3+ 42. Kb3 Bc4+ 43. Kc2 Qd3+ 44. Kd1 R@e1# 
{Thufir checkmated} 0-1

[Event "fics rated crazyhouse match"]
[Site "fics, Oklahoma City, OK USA"]
[Date "2000.01.30"]
[White "venomous"]
[WhiteElo "2486"]
[Black "Thufir"]
[BlackElo "2284"]
[TimeControl "60+0"]
[Result "1-0"]

1. e4 e6 2. d4 Nc6 3. Be3 Nf6 4. Bd3 Be7 5. Nf3 d6 6. Nc3 
Ng4 7. O-O e5 8. d5 Nb4 9. Qe2 Nxd3 10. cxd3 B@h5 11. N@g3 Nxe3 
12. Nxh5 Nxf1 13. Nxg7+ Kf8 14. B@h6 Kg8 15. Rxf1 B@f6 16. Nh5 R@g6 17. P@g7 
Bxg7 18. Bxg7 Rxg7 19. Nxg7 B@h6 20. N@h5 P@g6 21. Nf5 gxf5 22. exf5 Bxf5 
23. P@e6 fxe6 24. dxe6 Bxe6 25. B@d5 Bxd5 26. Nxd5 B@f7 27. Nxe7+ Qxe7 28. B@f6 
Qe8 29. Bxh8 Bxh5 30. R@g3+ P@g4 31. P@g7 Bxg7 32. Bxg7 Kxg7 33. Nh4 N@f4 
34. Rxg4+ P@g6 35. Nf5+ Kg8 36. Nh6+ Kh8 37. B@f6+ P@g7 38. R@g8+ Qxg8 39. Nxg8 
Nxe2+ 40. Kh1 Rxg8 41. Bxg7+ Rxg7 42. P@h6 Rf7 43. P@g7+ Rxg7 44. Q@f8+ Q@g8 
45. hxg7# 
{Thufir checkmated} 1-0

[Event "fics rated crazyhouse match"]
[Site "fics, Oklahoma City, OK USA"]
[Date "2000.01.30"]
[White "Thufir"]
[WhiteElo "2280"]
[Black "venomous"]
[BlackElo "2490"]
[TimeControl "60+0"]
[Result "0-1"]

1. e4 e6 2. Nc3 Nc6 3. d4 Nf6 4. Nf3 Bb4 5. e5 Ne4 6. Bd2 
Nxd2 7. Qxd2 d6 8. exd6 cxd6 9. N@h5 B@f8 10. Bd3 P@g6 11. Nf4 e5 
12. Nfd5 exd4 13. Nxb4 dxc3 14. Qe2+ Qe7 15. Nxc6 bxc6 16. bxc3 Qxe2+ 17. Bxe2 
Q@e7 18. B@g5 P@f6 19. Bd2 N@c4 20. Q@d3 Nxd2 21. Qxd2 N@c4 22. Qd3 Nb2 
23. Qe3 Qxe3 24. fxe3 B@d8 25. O-O Bfe7 26. N@d3 Nxd3 27. Bxd3 N@e5 28. Nxe5 
dxe5 29. P@h6 gxh6 30. P@g7 Rg8 31. Q@h8 Rxh8 32. gxh8=Q+ N@f8 33. N@g7+ Kd7 
34. Rad1 P@d5 35. e4 Kc7 36. exd5 cxd5 37. N@b5+ Kb6 38. N@a4+ Kb7 39. P@c6+ 
Kxc6 40. c4 Q@e3+ 41. R@f2 Bb6 42. Nxb6 axb6 43. cxd5+ Kb7 44. B@c6+ Ka6 
45. Nc3+ P@c4 46. Bxc4+ Ka5 47. P@b4+ Bxb4 48. Nb5 N@h3+ 49. gxh3 Qxf2+ 50. Kxf2 
Q@g2# 
{Thufir forfeits on time} 0-1

[Event "fics rated crazyhouse match"]
[Site "fics, Oklahoma City, OK USA"]
[Date "2000.01.30"]
[White "venomous"]
[WhiteElo "2494"]
[Black "Thufir"]
[BlackElo "2276"]
[TimeControl "60+0"]
[Result "1-0"]

1. e4 e6 2. d4 d6 3. Be3 Nf6 4. Bd3 Nc6 5. Nc3 Be7 6. Nf3 
O-O 7. O-O e5 8. d5 Nb8 9. Qe2 Bg4 10. Rae1 c6 11. dxc6 bxc6 
12. P@h3 Bxf3 13. Qxf3 P@d4 14. Bc4 dxe3 15. fxe3 B@h6 16. P@b7 N@h4 17. Qf2 
Nbd7 18. bxa8=Q Qxa8 19. Qxh4 Nd5 20. Qf2 Nxc3 21. bxc3 P@d5 22. N@f5 Bf6 
23. Nxh6+ gxh6 24. N@h5 N@e8 25. Nxf6+ Ndxf6 26. exd5 cxd5 27. P@e7 dxc4 28. exf8=Q+ 
Kxf8 29. B@f3 P@e4 30. R@h8+ B@g8 31. Bxe4 Qxe4 32. B@f3 Qg6 33. B@h5 Qg7 
34. Rxg8+ Kxg8 35. P@b7 R@b8 36. R@c8 B@c7 37. Rxb8 Bxb8 38. R@c8 N@a6 39. B@b5 
N@e7 40. Bxa6 Nxc8 41. bxc8=Q Nxh5 42. Bxh5 B@f8 43. Qxf7+ Qxf7 44. Bxf7+ Kg7 
45. Q@g8# 
{Thufir checkmated} 1-0

[Event "fics rated crazyhouse match"]
[Site "fics, Oklahoma City, OK USA"]
[Date "2000.01.30"]
[White "Thufir"]
[WhiteElo "2272"]
[Black "venomous"]
[BlackElo "2498"]
[TimeControl "60+0"]
[Result "0-1"]

1. e4 e6 2. d4 Nc6 3. Nf3 Nf6 4. e5 Nd5 5. Be2 d6 6. O-O 
Be7 7. c4 Nb6 8. exd6 cxd6 9. Be3 P@f5 10. Nc3 Bd7 11. d5 exd5 
12. cxd5 Ne5 13. Nxe5 dxe5 14. N@h5 Rg8 15. Bxb6 axb6 16. Bb5 P@d4 17. Bxd7+ 
Qxd7 18. P@e6 fxe6 19. dxe6 Qxe6 20. B@d5 B@f7 21. Bxe6 Bxe6 22. P@d5 Bf7 
23. P@e6 Bg6 24. Q@d7+ Kf8 25. Qxb7 Rd8 26. N@d7+ Rxd7 27. exd7 dxc3 28. Qc8+ 
B@d8 29. Qf3 N@d6 30. Qa8 B@e4 31. R@e8+ Nxe8 32. dxe8=Q+ Bxe8 33. N@e6+ Kf7 
34. Qh3 N@e2+ 35. Kh1 P@g4 36. Nxd8+ Bxd8 37. B@e6+ Ke7 38. Qb7+ R@c7 39. Qh4+ 
P@f6 40. P@d6+ Kxd6 41. Qxb6+ P@c6 42. P@c5+ Ke7 43. Nxg7 Bxg2+ 44. Kxg2 P@f3# 
{Thufir resigns} 0-1

[Event "fics rated crazyhouse match"]
[Site "fics, Oklahoma City, OK USA"]
[Date "2000.01.30"]
[White "venomous"]
[WhiteElo "2501"]
[Black "Thufir"]
[BlackElo "2269"]
[TimeControl "60+0"]
[Result "0-1"]

1. e4 e6 2. d4 Nc6 3. Be3 Nf6 4. Bd3 d6 5. Nf3 Be7 6. Nc3 
O-O 7. O-O Ng4 8. Qe2 e5 9. d5 Nb4 10. Rae1 Nxd3 11. cxd3 Nxe3 
12. fxe3 Bg4 13. N@g3 B@h5 14. Nxh5 Bxh5 15. N@g3 Bg4 16. B@f5 Bxf3 17. Qxf3 
N@h4 18. Qh5 B@g6 19. Bxg6 fxg6 20. B@e6+ B@f7 21. Rxf7 gxh5 22. Rxe7+ Kh8 
23. Rxg7 Q@f2+ 24. Kh1 Qxe1+ 25. B@g1 N@f2# 
{venomous checkmated} 0-1

[Event "fics rated crazyhouse match"]
[Site "fics, Oklahoma City, OK USA"]
[Date "2000.01.30"]
[White "Thufir"]
[WhiteElo "2282"]
[Black "venomous"]
[BlackElo "2488"]
[TimeControl "60+0"]
[Result "1-0"]

1. e4 e6 2. d4 Nc6 3. Nc3 Nf6 4. e5 Nd5 5. Nxd5 exd5 6. Nf3 
d6 7. Bb5 Bg4 8. Qe2 N@e4 9. O-O Be7 10. exd6 cxd6 11. P@h6 Rg8 
12. hxg7 Rxg7 13. Bh6 Rg6 14. N@g7+ Kd7 15. Bxc6+ bxc6 16. N@e5+ dxe5 17. Nxe5+ 
Kc7 18. Nxg4 Rxg4 19. Qxg4 B@d7 20. Qf4+ P@d6 21. Qe3 N@g4 22. Qe2 Nxh6 
23. B@f4 Ng4 24. P@c5 P@e5 25. cxd6+ Bxd6 26. dxe5 Nxe5 27. P@d4 N@g6 28. dxe5 
Nxf4 29. exd6+ Nxd6 30. Qf3 Qg5 31. B@g3 B@e4 32. Qxf4 Qxf4 33. Bxf4 B@c5 
34. P@e5 Q@g6 35. exd6+ Bxd6 36. Bxd6+ Qxd6 37. B@g3 P@e5 38. P@c5 Qxc5 39. Bxe5+ 
P@d6 40. Bg3 B@a6 41. N@b3 Qb6 42. P@c5 Qb7 43. Bxd6+ Kc8 44. N@e7+ Kd8 
45. Q@f8+ Be8 46. Qxe8# 
{venomous checkmated} 1-0

[Event "fics rated crazyhouse match"]
[Site "fics, Oklahoma City, OK USA"]
[Date "2000.01.30"]
[White "venomous"]
[WhiteElo "2476"]
[Black "Thufir"]
[BlackElo "2294"]
[TimeControl "60+0"]
[Result "1-0"]

1. e4 e6 2. d4 d5 3. e5 Nc6 4. Be3 Qd7 5. Nh3 f6 6. exf6 
gxf6 7. Qh5+ P@g6 8. Qe2 Nh6 9. Nc3 Nf5 10. P@g4 Nfxd4 11. Bxd4 Nxd4 
12. Qd1 P@e5 13. Bd3 B@a5 14. O-O Rg8 15. g5 Be7 16. gxf6 Bxf6 17. N@g4 
P@e7 18. P@g5 Bg7 19. Nh6 Bxh6 20. gxh6 N@f5 21. Bxf5 Nxf5 22. Ng5 Nxh6 
23. Nxh7 B@f5 24. P@g4 Bxg4 25. f3 Bf5 26. B@g5 P@g7 27. Bxh6 gxh6 28. N@f6+ 
exf6 29. Nxf6+ Kd8 30. Nxd7 Bxd7 31. P@f7 Rf8 32. Nxd5 B@b6+ 33. N@f2 exd5 
34. P@g7 Bb4 35. gxf8=Q+ Bxf8 36. R@g8 N@e6 37. Qxd5 N@e2+ 38. Kh1 N@g3+ 39. hxg3 
Nxg3+ 40. Kg1 P@h2+ 41. Kxh2 Nxf1+ 42. Kg1 P@h2+ 43. Kxf1 R@g1+ 44. Ke2 P@d3+ 
45. cxd3 Bc5 46. Q@e8# 
{Thufir checkmated} 1-0

[Event "fics rated crazyhouse match"]
[Site "fics, Oklahoma City, OK USA"]
[Date "2000.01.30"]
[White "Thufir"]
[WhiteElo "2290"]
[Black "venomous"]
[BlackElo "2480"]
[TimeControl "60+0"]
[Result "1-0"]

1. e4 e6 2. d4 Nc6 3. Nf3 Nf6 4. e5 Nd5 5. Be2 d6 6. exd6 
Bxd6 7. P@e5 Bb4+ 8. c3 Be7 9. O-O P@d6 10. c4 Nb6 11. exd6 cxd6 
12. Be3 f5 13. d5 Ne5 14. Nxe5 dxe5 15. N@h5 O-O 16. P@h6 g6 17. dxe6 
Qe8 18. P@f7+ Rxf7 19. exf7+ Kxf7 20. R@g7+ Kf8 21. Rxh7 N@g8 22. P@f6 Bxf6 
23. Nxf6 Nxf6 24. B@g7+ Kf7 25. Bxf6+ Kxf6 26. h4 N@f7 27. Bg5+ Ke6 28. c5 
Nd5 29. Bf3 P@e4 30. Rxf7 Qxf7 31. N@d8+ Kd7 32. Nxf7 B@d4 33. Q@d8+ Kc6 
34. N@a5+ Kxc5 35. Qd6+ Kb5 36. a4+ Kxa5 37. b4+ Nxb4 38. Bd2 N@c6 39. Bxb4+ 
Nxb4 40. N@b3# 
{venomous checkmated} 1-0

[Event "fics rated crazyhouse match"]
[Site "fics, Oklahoma City, OK USA"]
[Date "2000.01.30"]
[White "venomous"]
[WhiteElo "2468"]
[Black "Thufir"]
[BlackElo "2302"]
[TimeControl "60+0"]
[Result "0-1"]

1. e4 e6 2. d3 Nc6 3. Nf3 Nf6 4. Nc3 d5 5. exd5 exd5 6. Qe2+ 
Be7 7. Bg5 Be6 8. P@e5 Ng4 9. Bxe7 Qxe7 10. B@h5 Ngxe5 11. Nxe5 Nxe5 
12. Qxe5 B@f6 13. Qe2 N@d4 14. Qd1 Bg4+ 15. N@e3 Bxd1 16. Bxd1 P@f4 17. B@d2 
fxe3 18. fxe3 P@c6 19. P@f2 Nf5 20. Bfe2 d4 21. Ne4 dxe3 22. fxe3 P@d5 
23. Nxf6+ gxf6 24. O-O Rg8 25. B@g4 Nxe3 26. P@d7+ Kd8 27. Bxe3 Qxe3+ 28. N@f2 
B@e6 29. N@a5 Rb8 30. Kh1 P@h3 31. Nxh3 N@e5 32. Bxe6 fxe6 33. P@e7+ Kxe7 
34. B@f4 Qxh3 35. Bf3 Qf5 36. Bxe5 Qxe5 37. d4 Qxh2+ 38. Kxh2 B@g3+ 39. Kg1 
Q@h2# 
{venomous checkmated} 0-1

[Event "fics rated crazyhouse match"]
[Site "fics, Oklahoma City, OK USA"]
[Date "2000.01.30"]
[White "venomous"]
[WhiteElo "2461"]
[Black "Thufir"]
[BlackElo "2309"]
[TimeControl "60+0"]
[Result "1-0"]

1. e3 e6 2. b3 b6 3. Bb2 Bb7 4. Nf3 Nf6 5. Nc3 d5 6. Be2 
Be7 7. O-O O-O 8. d3 Nfd7 9. e4 dxe4 10. Nxe4 f5 11. Ng3 P@f6 
12. Nd4 c5 13. Nxe6 Qe8 14. Nxf8 Qxf8 15. P@e6 f4 16. P@f7+ Kh8 17. R@g8+ 
Qxg8 18. fxg8=Q+ Kxg8 19. Q@f7+ Kh8 20. Qxe7 fxg3 21. fxg3 N@h3+ 22. gxh3 R@h1+ 
23. Kf2 Rxh2+ 24. Ke1 N@g6 25. Qe8+ Ndf8 26. P@e7 Nc6 27. exf8=Q+ Nxf8 28. N@f7+ 
Kg8 29. Qxa8 g6 30. R@h8+ Kg7 31. N@e8# 
{Thufir checkmated} 1-0

[Event "fics rated crazyhouse match"]
[Site "fics, Oklahoma City, OK USA"]
[Date "2000.01.30"]
[White "Thufir"]
[WhiteElo "2304"]
[Black "venomous"]
[BlackElo "2466"]
[TimeControl "60+0"]
[Result "0-1"]

1. e4 e6 2. d4 Nc6 3. Nf3 Nf6 4. e5 Nd5 5. Be2 Bb4+ 6. c3 
Be7 7. O-O d6 8. c4 Nb6 9. exd6 cxd6 10. Be3 O-O 11. d5 exd5 
12. cxd5 Ne5 13. Nxe5 dxe5 14. Bxb6 axb6 15. P@h6 gxh6 16. N@h5 P@g7 17. Nxg7 
P@h3 18. Bf3 P@g4 19. N@e6 fxe6 20. dxe6 Qxd1 21. Bxd1 hxg2 22. P@f7+ Kxg7 
23. Q@g8+ Rxg8 24. fxg8=Q+ Kxg8 25. P@f7+ Kg7 26. R@g8+ Kf6 27. f8=Q+ Bxf8 28. Rxf8+ 
Kxe6 29. Bxg4+ Ke7 30. B@h4+ Kxf8 31. P@e7+ Kf7 32. Kxg2 N@f4+ 33. Kg3 Q@g2# 
{Thufir checkmated} 0-1

[Event "fics rated crazyhouse match"]
[Site "fics, Oklahoma City, OK USA"]
[Date "2000.01.30"]
[White "venomous"]
[WhiteElo "2471"]
[Black "Thufir"]
[BlackElo "2299"]
[TimeControl "60+0"]
[Result "1-0"]

1. e4 e6 2. Nf3 d5 3. exd5 exd5 4. Bb5+ P@c6 5. Qe2+ Qe7 6. Bd3 
Nf6 7. Nc3 Bg4 8. O-O Bxf3 9. Qxf3 N@d4 10. Qf4 Ne6 11. Qe5 Nbd7 
12. Qe1 g6 13. P@e5 Ng4 14. f4 f6 15. B@f3 h5 16. Bxg6+ Kd8 17. exf6 
Ndxf6 18. P@e5 Ne4 19. Nxe4 dxe4 20. Bfxe4 Nxh2 21. P@f6 Qd7 22. P@e7+ Bxe7 
23. fxe7+ Kc8 24. e8=Q+ Rxe8 25. Bxe8 Qxe8 26. N@f6 Qd8 27. R@e8 B@c5+ 28. d4 
Nxf1 29. Rxd8+ Nxd8 30. Q@d7+ Kb8 31. Qxd8# 
{Thufir resigns} 1-0

[Event "fics rated crazyhouse match"]
[Site "fics, Oklahoma City, OK USA"]
[Date "2000.01.30"]
[White "Thufir"]
[WhiteElo "2295"]
[Black "venomous"]
[BlackElo "2475"]
[TimeControl "60+0"]
[Result "0-1"]

1. e4 e6 2. d4 Nc6 3. Nf3 Bb4+ 4. Nc3 Be7 5. e5 d6 6. exd6 
cxd6 7. Bd3 Nf6 8. Bg5 P@g4 9. Bxf6 Bxf6 10. Nd2 Nxd4 11. Qxg4 e5 
12. N@f5 Bxf5 13. Bxf5 Nxf5 14. Qxf5 B@e6 15. Qf3 N@d4 16. B@a4+ P@c6 17. Qd1 
O-O 18. P@e3 Nf5 19. N@g4 Nh4 20. Nxf6+ Qxf6 21. Rg1 B@d5 22. P@e4 Bc4 
23. B@g3 N@c5 24. Bxh4 Qxh4 25. N@f3 Qe7 26. Bb3 Bxb3 27. axb3 B@g4 28. B@h4 
f6 29. h3 Bh5 30. g4 Bg6 31. b4 Nd7 32. Ne2 B@g5 33. Bxg5 fxg5 
34. Ng3 Rxf3 35. Nxf3 N@h4 36. Nxh4 gxh4 37. N@f5 Bexf5 38. Nxf5 Bxf5 39. gxf5 
N@g5 40. B@e6+ Nxe6 41. fxe6 N@g5 42. B@f7+ Kh8 43. Rxg5 Qxg5 44. R@g4 R@g1+ 
45. Rxg1 Qxg1+ 46. B@f1 N@g2+ 47. Kd2 Qxf2+ 48. Kc1 Qxe3+ 49. Kb1 R@e1 50. Qxe1 
P@a2+ 51. Kxa2 B@d5+ 52. b3 Nxe1 
{Thufir forfeits on time} 0-1

[Event "fics rated crazyhouse match"]
[Site "fics, Oklahoma City, OK USA"]
[Date "2000.01.30"]
[White "venomous"]
[WhiteElo "2479"]
[Black "Thufir"]
[BlackElo "2291"]
[TimeControl "60+0"]
[Result "1-0"]

1. e4 e6 2. d4 d5 3. e5 Nc6 4. Nh3 Qd7 5. Be3 f6 6. exf6 
gxf6 7. Bb5 Nh6 8. Qh5+ P@g6 9. Qxh6 Bxh6 10. Bxh6 a6 11. Bxc6 Qxc6 
12. O-O Rg8 13. P@g5 B@e7 14. gxf6 Bxf6 15. B@e5 Bxe5 16. dxe5 P@e7 17. P@f7+ 
Kxf7 18. Ng5+ Ke8 19. B@f7+ Kd8 20. Bxg8 Bd7 21. R@f8+ B@e8 22. N@d4 Qb6 
23. Ngxe6+ Kc8 24. P@c5 Qxb2 25. Nd2 P@f7 26. Ng7 Qxd4 27. Nxe8 N@d8 28. B@e3 
Qxe5 29. Bhf4 Qe6 30. Ng7 Qc6 31. N@d4 Qa4 32. Bxf7 P@h3 33. gxh3 Bxh3 
34. Rxd8+ Kxd8 35. N@e6+ Kc8 36. P@d7+ Qxd7 37. P@g2 Bxg2 38. Kxg2 P@h3+ 39. Kxh3 
P@g4+ 40. Kxg4 h5+ 41. Nxh5 gxh5+ 42. Bxh5 N@f6+ 43. Kh4 R@g4+ 44. Bxg4 Q@e8 
45. B@g5 Nh7 46. Bh5 
{Thufir forfeits on time} 1-0

[Event "fics rated crazyhouse match"]
[Site "fics, Oklahoma City, OK USA"]
[Date "2000.01.30"]
[White "Thufir"]
[WhiteElo "2287"]
[Black "venomous"]
[BlackElo "2483"]
[TimeControl "60+0"]
[Result "1-0"]

1. e4 e6 2. d4 Nc6 3. Nc3 Nf6 4. e5 Nd5 5. Nf3 d6 6. Bd2 
dxe5 7. Nxe5 Nxd4 8. Nxd5 Qxd5 9. Nd3 P@f6 10. N@c3 Qd8 11. Be3 P@e5 
12. P@f4 N@f5 13. fxe5 Nxe3 14. fxe3 Nf5 15. P@f2 fxe5 16. Nxe5 P@d2+ 17. Qxd2 
Qxd2+ 18. Kxd2 Bb4 19. Bd3 Bxc3+ 20. bxc3 B@f6 21. B@d4 Nxd4 22. cxd4 Bxe5 
23. dxe5 B@b2 24. Q@b5+ N@c6 25. Qxb2 N@a4 26. Qb5 Q@c3+ 27. Ke2 a6 28. Qxa4 
b5 29. Qe4 Qxe5 30. Qxc6+ P@d7 31. Qxa8 O-O 32. B@d4 Qg5 33. B@f4 Qg4+ 
34. Qf3 Qxf3+ 35. gxf3 f6 36. Rhg1 Rf7 37. P@g6 hxg6 38. Bxg6 Q@f8 39. Q@h7# 
{venomous checkmated} 1-0

[Event "fics rated crazyhouse match"]
[Site "fics, Oklahoma City, OK USA"]
[Date "2000.01.30"]
[White "venomous"]
[WhiteElo "2471"]
[Black "Thufir"]
[BlackElo "2299"]
[TimeControl "60+0"]
[Result "0-1"]

1. b3 e6 2. Bb2 d5 3. Nf3 c5 4. e3 Nc6 5. Bb5 Nf6 6. O-O 
Bd7 7. Bxc6 Bxc6 8. Ne5 B@d6 9. Nxc6 bxc6 10. f4 Rb8 11. B@e5 Bxe5 
12. fxe5 Ne4 13. d3 Ng5 14. B@f4 h6 15. N@d6+ Bxd6 16. exd6 B@f6 17. Bxf6 
gxf6 18. B@g7 Rg8 19. B@c7 Qc8 20. Bxb8 Qxb8 21. d7+ Kxd7 22. Bxb8 Rxb8 
23. Bxf6 B@d6 24. P@e5 Rg8 25. R@g3 B@c7 26. exd6 Bxd6 27. B@e5 B@c7 28. Bxg5 
Bxe5 29. Rxf7+ P@e7 30. Rxe7+ Kc8 31. Q@a8+ N@b8 32. P@d7+ Kd8 33. Rg7+ N@e7 
34. Rxg8+ Kxd7 35. N@f8+ Ke8 36. Nxe6+ Kd7 37. Nxc5+ Kd6 38. Nb7+ Kd7 39. R@d8+ 
Ke6 40. P@f5+ Nxf5 41. Rde8+ P@e7 42. Rxe7+ Nxe7 43. Bxe7 P@f2+ 44. Kh1 R@g1+ 
45. Qxg1 fxg1=Q+ 46. Kxg1 Q@e1+ 47. R@f1 P@f2+ 48. Kh1 Qxf1+ 49. N@g1 Qxg1# 
{venomous checkmated} 0-1

[Event "fics rated crazyhouse match"]
[Site "fics, Oklahoma City, OK USA"]
[Date "2000.01.30"]
[White "Thufir"]
[WhiteElo "2311"]
[Black "venomous"]
[BlackElo "2459"]
[TimeControl "60+0"]
[Result "1-0"]

1. e4 e6 2. d4 Nc6 3. Nc3 Nf6 4. e5 Nd5 5. Nf3 d6 6. exd6 
cxd6 7. Bd3 P@g4 8. Ng5 Nxd4 9. Qxg4 e5 10. P@f5 P@f4 11. P@e6 fxe6 
12. fxe6 Qxg5 13. P@d7+ Bxd7 14. exd7+ Kd8 15. Qxg5+ Kxd7 16. B@g4+ P@e6 17. Nxd5 
P@f6 18. Q@c7+ Ke8 19. Bxe6 N@f3+ 20. Kd1 Nxg5 21. P@f7+ Nxf7 22. Qxf7+ Kd8 
23. Qd7# 
{venomous checkmated} 1-0